 Dungeon Crawl Stone Soup version 0.27.1 (webtiles) character file.

Game seed: 11979784772944570819

9621 robertstho the Thaumaturge (level 11, -22/71 HPs)
             Began as a Djinni Fire Elementalist on Sept 3, 2021.
             Was an Initiate of Gozag.
             Shot with an arrow by a centaur warrior (24 damage)
             ... on level 12 of the Dungeon.
             The game lasted 00:26:06 (18137 turns).

robertstho the Thaumaturge (DjFE)                  Turns: 18137, Time: 00:26:07

Health: -22/71     AC: -2    Str:  7    XL:     11   Next: 77%
Gold:   1223       EV: 13    Int: 21    God:    Gozag SH:  0 Dex: 13

rFire    + + .     SeeInvis .   l - +5 flail (drain)
rCold    x . .     Faith    .   (no shield)
rNeg     . . .     Spirit   .   a - +0 robe
rPois    ∞         Reflect  .   (no helmet)
rElec    .         Harm     .   (no cloak)
rCorr    .         Rampage  .   (no gloves)
Will     ++...                  (boots unavailable)
Stlth    +++.......             r - amulet of the acrobat
HPRegen  0.21/turn              f - +4 ring of slaying
MPRegen  0.00/turn              m - ring of willpower

@: corroded, flying
A: sickness immunity, fire resistance 2, cold vulnerability 1, float, innate
caster, hp casting, extra vitality 1
a: Renounce Religion, Potion Petition, Call Merchant, Bribe Branch


You were on level 12 of the Dungeon.
You worshipped Gozag.
Gozag was most pleased with you.
You visited 2 branches of the dungeon, and saw 13 of its levels.

You collected 1838 gold pieces.
You spent 492 gold pieces at shops.
You paid 123 gold pieces to Gozag.

Inventory:

Hand Weapons
 l - a +5 flail of draining (weapon)
Armour
 a - a +0 robe (worn)
Jewellery
 f - a +4 ring of slaying (left hand)
 m - a ring of willpower (right hand)
 r - an amulet of the acrobat (around neck)
 w - the ring of Eroqel {Ice rPois Dex+4 Stlth+}
   (You took it off an orc priest on level 11 of the Dungeon)

   [ring of ice]

   It enhances your ice magic.
   Dex:       It affects your dexterity (+4).
   rF:        It makes you vulnerable to fire.
   rC:        It protects you from cold.
   rPois:     It protects you from poison.
   Stlth:     It makes you more stealthy.
Wands
 g - a wand of flame (15)
 n - a wand of digging (12)
 u - a wand of iceblast (20)
 x - a wand of acid (14)
 G - a wand of paralysis (6)
Scrolls
 c - a scroll of acquirement {unknown}
 h - a scroll of enchant weapon {unknown}
 i - 2 scrolls of enchant armour {unknown}
 k - 2 scrolls of amnesia {unknown}
 o - a scroll of noise {unknown}
 p - a scroll of immolation
 s - 5 scrolls of vulnerability
 t - 4 scrolls of teleportation
 v - a scroll of silence
 y - 2 scrolls of magic mapping
 H - a scroll of identify
Potions
 b - 2 potions of flight {unknown}
 d - 2 potions of cancellation {unknown}
 e - 2 potions of lignification
 j - a potion of resistance {unknown}
 q - 3 potions of brilliance
 z - a potion of mutation
 A - 3 potions of might
 B - a potion of haste
 C - a potion of berserk rage
 D - 4 potions of curing
 F - a potion of invisibility {unknown}


   Skills:
 + Level 3.4 Fighting
 + Level 3.0 Maces & Flails
 + Level 5.0 Dodging
 + Level 5.9 Stealth
 + Level 11.7 Spellcasting


You had 3 spell levels left.
You knew the following spells:

 Your Spells              Type           Power      Damage    Failure   Level
a - Foxfire               Conj/Fire      100%       2x1d9     1%          1
b - Conjure Flame         Conj/Fire      57%        6-21      1%          3
c - Inner Flame           Hex/Fire       57%        N/A       1%          3
d - Sticky Flame          Conj/Fire      57%        2d7       1%          4
e - Fireball              Conj/Fire      28%        3d12      1%          5
f - Pain                  Necr           100%       1d9       1%          1
g - Blink                 Tloc           N/A        N/A       1%          2
h - Dazzling Flash        Conj/Hex       100%       N/A       1%          3
i - Summon Ice Beast      Ice/Summ       57%        N/A       1%          4
j - Dispel Undead         Necr           57%        3d20      1%          4
Your spell library was empty.

Dungeon Overview and Level Annotations

Branches:
Dungeon (12/15)            Temple (1/1) D:6            Lair (0/6) D:10
    Orc (0/2) D:11

Altars:
Ashenzari
Cheibriados
Dithmenos
Fedhas
Gozag
Hepliaklqana
Kikubaaqudgha
Makhleb
Nemelex Xobeh
Okawaru
Qazlal
Ru
Uskayaw
Vehumet
Wu Jian
Xom
Yredelemnul
Zin
The Shining One

Shops:
D:8 (   D:9 !   D:10 :

Annotations:
D:3 Grinder
D:10 pkoi's ghost, novice TrGl


Innate Abilities, Weirdness & Mutations

You are immune to sickness and miasma.
You are immune to poison.
Your flesh is very heat resistant. (rF++)
You are vulnerable to cold. (rC-)
You float through the air rather than walking.
You learn spells naturally, not from books.
Your magical power is your life essence.
You have superior vitality. (+4 HP)


Message History

Unknown command.
Unknown command.
You start resting.
A centaur warrior comes into view.
The centaur warrior wields a +0 shortbow.
The centaur warrior shoots an arrow.
The arrow completely misses you.
You feel much better.
The centaur warrior shoots an arrow.
The arrow hits you!
Okay, then.
You feel much better.
Casting: Fireball (dangerous; 1% risk of failure)
Confirm with . or Enter, or press ? or * to list all spells.
Okay, then.
Casting: Fireball (dangerous; 1% risk of failure)
Confirm with . or Enter, or press ? or * to list all spells.
Aiming: Fireball (dangerous; 1% risk of failure)
Press: ? - help, Shift-Dir - straight line, f - centaur warrior
Aim: a centaur warrior, wielding a +0 shortbow and quivering arrows The fireball explodes!
The fireball engulfs the centaur warrior!
The centaur warrior is lightly wounded.
The centaur warrior shoots an arrow.
The arrow hits you!
Casting: Fireball (dangerous; 1% risk of failure)
Confirm with . or Enter, or press ? or * to list all spells.
Aiming: Fireball (dangerous; 1% risk of failure)
Press: ? - help, Shift-Dir - straight line, f/p - centaur warrior
Aim: a centaur warrior, wielding a +0 shortbow and quivering arrows (lightly wounded)
The fireball explodes!
The fireball engulfs the centaur warrior!
The centaur warrior is moderately wounded.
* * * LOW HITPOINT WARNING * * *
The centaur warrior shoots an arrow.
The arrow hits you!!
* * * LOW HITPOINT WARNING * * *
Unknown command.
Aiming: Corrosive Bolt
Press: ? - help, Shift-Dir - straight line, f/p - centaur warrior
Aim: a centaur warrior, wielding a +0 shortbow and quivering arrows (moderately wounded, 79% to hit)
The bolt of acid misses the centaur warrior.
The centaur warrior shoots an arrow.
The arrow hits you!!
You die...
Your body crumbles into a pile of gold.

.#.###...##.##
........###.(#
#...##### #..##
...### ##..#
.....## #..##
###...## ##..##
#
##...#####....#
###..........###
##.........@.##
##...........#
###....##....#
#...##.......#
##........c.....
#........$.....
#..........$...
##.#............
#..........$..(.


You could see a centaur warrior.

Vanquished Creatures
  A two-headed ogre (D:10)
  A gargoyle (D:12)
  2 unseen horrors (D:11)
  2 trolls
  3 shadows
  9 yaks
  A wyvern (D:7)
  A vampire (D:9)
  An acid dragon (D:12)
  A swamp drake (D:11)
  2 water moccasins
  An ice beast (D:6)
  2 orc warriors (D:11)
  An ogre (D:11)
  2 sky beasts
  A black bear (D:6)
  A necrophage (D:7)
  7 centaurs
  3 wolves (D:10)
  2 phantoms
  2 kobold brigands (D:7)
  3 bullfrogs
  2 wyvern zombies
  3 gnoll sergeants
  A scorpion (D:4)
  A water moccasin zombie (D:6)
  A wyvern skeleton (D:6)
  13 wights
  8 electric eels (D:10)
  2 howler monkeys
  2 lava snakes (D:7)
  4 centaur zombies
  11 hounds
  3 jellies
  A bullfrog zombie (D:6)
  7 orc priests
  A centaur skeleton (D:5)
  A gnoll shaman (D:7)
  Terence (D:3)
  3 iguanas
  7 orc wizards
  A scorpion zombie (D:5)
  A killer bee zombie (D:6)
  A hound zombie (D:5)
  2 howler monkey zombies
  19 gnolls
  6 adders
  2 white imps
  An adder zombie (D:5)
  A worm (D:3)
  7 dart slugs
  26 orcs
  4 bats
  4 endoplasms
  3 giant cockroaches (D:1)
  6 goblins
  8 hobgoblins
  7 kobolds
  3 quokkas
  3 training dummies (D:8)
  7 ball pythons
  A frilled lizard (D:2)
  7 rats
241 creatures vanquished.

Vanquished Creatures (collateral kills)
  A centaur zombie (D:11)
  A water moccasin (D:7)
  3 lava snakes
  A hound (D:7)
  An orc (D:11)
  13 foxfires
20 creatures vanquished.

Vanquished Creatures (others)
  478 foxfires
  64 plants
542 creatures vanquished.

Grand Total: 803 creatures vanquished

Notes
Turn   | Place    | Note
-------+----------+-------------------------------------------
     0 | D:1      | robertstho the Djinni Fire Elementalist began the quest for
                  | the Orb.
     0 | D:1      | Reached XP level 1. HP: 15/15 MP: 0/0
   345 | D:1      | Reached XP level 2. HP: 18/21 MP: 0/0
   775 | D:1      | Reached skill level 3 in Spellcasting
   908 | D:1      | Reached XP level 3. HP: 13/25 MP: 0/0
   908 | D:1      | Learned a level 1 spell: Pain
  1498 | D:1      | Found a faded altar of an unknown god.
  2012 | D:2      | Reached XP level 4. HP: 26/31 MP: 0/0
  2981 | D:3      | Noticed Grinder
  3670 | D:3      | Found a blossoming altar of Fedhas.
  3674 | D:3      | Found a stormy altar of Qazlal.
  3968 | D:3      | Noticed Terence
  3983 | D:3      | Killed Terence
  3984 | D:3      | Reached XP level 5. HP: 13/36 MP: 0/0
  3984 | D:3      | Learned a level 2 spell: Blink
  4500 | D:4      | Reached skill level 4 in Spellcasting
  4500 | D:4      | Reached XP level 6. HP: 22/41 MP: 0/0
  5295 | D:4      | Reached XP level 7. HP: 39/46 MP: 0/0
  5295 | D:4      | Learned a level 3 spell: Dazzling Flash
  5474 | D:5      | Entered Level 5 of the Dungeon
  5671 | D:5      | Reached skill level 1 in Fighting
  5711 | D:5      | HP: 1/47 [iguana (4)]
  5713 | D:5      | Reached skill level 5 in Spellcasting
  6787 | D:5      | Noticed a water moccasin
  6792 | D:5      | Killed a water moccasin
  6857 | D:5      | Reached XP level 8. HP: 24/52 MP: 0/0
  7306 | D:6      | Reached skill level 6 in Spellcasting
  7608 | D:7      | Identified the +0 ring mail of Purpose {Stlth+}
  7616 | D:7      | Noticed a wyvern
  7620 | D:7      | Killed a wyvern
  8065 | D:7      | Reached skill level 7 in Spellcasting
  8065 | D:7      | Reached XP level 9. HP: 21/58 MP: 0/0
  8065 | D:7      | Learned a level 4 spell: Summon Ice Beast
  8277 | D:6      | Found a staircase to the Ecumenical Temple.
  8291 | D:6      | Reached skill level 1 in Maces & Flails
  8299 | Temple   | Entered the Ecumenical Temple
  8487 | Temple   | Became a worshipper of Gozag Ym Sagoz the Greedy
  8846 | D:6      | Found a glowing golden altar of the Shining One.
 10183 | D:7      | Reached skill level 8 in Spellcasting
 11449 | D:8      | Reached XP level 10. HP: 56/67 MP: 0/0
 11860 | D:8      | Reached skill level 9 in Spellcasting
 12418 | D:8      | Found Ycwac's Firing Range.
 12562 | D:9      | Found Unimurch's Distillery.
 12767 | D:9      | Bought a potion of might for 48 gold pieces
 12767 | D:9      | Bought a potion of haste for 120 gold pieces
 12767 | D:9      | Bought a potion of berserk rage for 60 gold pieces
 12767 | D:9      | Bought a potion of attraction for 36 gold pieces
 12767 | D:9      | Bought a potion of curing for 36 gold pieces
 12767 | D:9      | Bought 2 potions of heal wounds for 120 gold pieces
 12767 | D:9      | Bought a potion of curing for 36 gold pieces
 12767 | D:9      | Bought a potion of curing for 36 gold pieces
 12821 | D:9      | Reached skill level 5 in Dodging
 13180 | D:9      | Reached skill level 5 in Stealth
 13566 | D:10     | Entered Level 10 of the Dungeon
 13585 | D:10     | Reached skill level 10 in Spellcasting
 13965 | D:10     | Reached XP level 11. HP: 41/71 MP: 0/0
 13965 | D:10     | Learned a level 4 spell: Dispel Undead
 14251 | D:10     | Found a staircase to the Lair.
 14706 | D:10     | Found Xekaoc's Book Shoppe.
 14970 | D:10     | Found a large runed translucent door.
 14970 | D:10     | Found a large runed translucent door.
 14971 | D:10     | Noticed pkoi's ghost (novice TrGl)
 15030 | D:10     | Found a shadowy altar of Dithmenos.
 15032 | D:10     | Found an ornate altar of the Wu Jian Council.
 15062 | D:10     | Noticed a two-headed ogre
 15068 | D:10     | Killed a two-headed ogre
 15069 | D:10     | Reached skill level 11 in Spellcasting
 15382 | D:10     | Found a glowing silver altar of Zin.
 15884 | D:10     | Identified the +2 chain mail "Liepsurch" {Harm Fly Will+}
 16375 | D:11     | Identified the ring of Eroqel {Ice rPois Dex+4 Stlth+}
 17646 | D:11     | Found a staircase to the Orcish Mines.
 18131 | D:12     | Noticed a centaur warrior
 18136 | D:12     | HP: 1/71 [centaur warrior/arrow (20)]
 18137 | D:12     | Shot with an arrow by a centaur warrior

Illustrated notes

Levels and vault maps discovered:
D:1:      denvon_arrival_planthouse, layout_loops_ring,
          dreamdust_ecumenical_altar_grove, chequers_serial_rivers_marsh
D:2:      layout_loops_ring
D:3:      layout_loops_corners, grunt_temple_overflow_forces_of_nature,
          uniq_terence, uniq_grinder
D:4:      layout_basic
D:5:      layout_loops_corners
D:6:      layout_rooms, mainiacjoe_overflow_chevrons, temple_pool_b,
          chequers_mini_garden
D:7:      kennysheep_housing_project, layout_rooms, kennysheep_boxes
D:8:      layout_rooms, abandoned_shop, nicolae_shop_firing_range
D:9:      layout_long_grid, serial_shops, shop
D:10:     layout_loops_corners, zin_scriptorium,
          chequers_temple_overflow_statue_of_worship, erik_lair_island,
          ebering_ghost_disaster_area, nicolae_inconvenience_store,
          serial_bayou_lake_a
D:11:     layout_loops_ring, erik_orc_1
D:12:     layout_cave_pods, gauntlet_entry_generic, st_stairs_5, minivault_19
Temple:   kb_temple_of_zot

Skill      XL: |  1  2  3  4  5  6  7  8  9 10 11 |
---------------+----------------------------------+-----
Spellcasting   | 3 4 5 7 8 10 11 | 11.7
Stealth        | 2 3 4 5 |  5.9
Dodging        | 3 4 5 |  5.0
Fighting       | 1 2 3 |  3.4
Maces & Flails | 2 3 |  3.0

Action                   |  1- 3 |  4- 6 |  7- 9 | 10-12 || total
-------------------------+-------+-------+-------+-------++-------
Melee: Unarmed           |     6 |       |       |       ||     6
       Short sword       |       |    10 |       |       ||    10
       Flail             |       |     2 |    35 |     2 ||    39
 Cast: Foxfire           |    81 |   113 |   109 |       ||   303
       Sticky Flame      |       |     4 |    21 |     3 ||    28
       Conjure Flame     |       |     1 |       |       ||     1
       Fireball          |       |       |    41 |   129 ||   170
       Pain              |       |       |     2 |       ||     2
       Summon Ice Beast  |       |       |     4 |     7 ||    11
       Dispel Undead     |       |       |       |     1 ||     1
Evoke: Wand              |       |       |       |     1 ||     1
  Use: Scroll            |       |     2 |     2 |     6 ||    10
       Potion            |       |     1 |     3 |     3 ||     7
 Stab: Sleeping          |       |       |     2 |       ||     2
Armor: Robe              |     5 |     1 |     6 |     2 ||    14
       Skin              |       |     2 |       |       ||     2
Dodge: Dodged            |    12 |    20 |    57 |    12 ||   101
